 Dungeon Crawl Stone Soup version 0.27-a0-1065-ge809cff456 (webtiles) character file.

Game seed: 11580331987786457496

128 leviel the Covered (level 5, -2/45 (46) HPs)
             Began as a Hill Orc Fighter on Apr 22, 2021.
             Killed by nerve-wracking pain
             ... invoked by a shadow imp
              (5 damage)
             ... in a sewer.
             The game lasted 00:07:21 (2117 turns).

leviel the Covered (Hill Orc Fighter)               Turns: 2117, Time: 00:07:23

HP:   -2/45 (46)    AC: 14    Str: 20    XL:     5   Next: 12%
MP:   5/5           EV:  4    Int:  8    God:
Gold: 39            SH:  9    Dex: 10    Spells: 4/4 levels left

rFire    . . .     SeeInvis .   a - +0 war axe
rCold    . . .     Faith    .   c - +0 kite shield
rNeg     . . .     Spirit   .   p - +1 plate armour
rPois    .         Reflect  .   (no helmet)
rElec    .         Harm     .   k - +0 cloak
rCorr    .         Rampage  .   (no gloves)
Will     .....                  (no boots)
Stlth    ..........             (no amulet)
HPRegen  0.15/turn              (no ring)
MPRegen  0.09/turn              (no ring)

@: mighty, brilliant, lethally poisoned (-2 -> -7), attractive, flying, hasted
and slowed, lightly drained
A: no striking features
a: no special abilities


You were in a sewer.
You visited 1 branch of the dungeon, and saw 3 of its levels.
You also visited: Sewer.

You collected 39 gold pieces.

Inventory:

Hand Weapons
 a - a +0 war axe (weapon)
Armour
 c - a +0 kite shield (worn)
 k - a +0 cloak (worn)
 p - a +1 plate armour (worn)
Scrolls
 b - a scroll of fear {unknown}
 g - a scroll of fog
 h - a scroll of identify
 i - 2 scrolls of teleportation
Potions
 d - 2 potions of might


   Skills:
 - Level 4.2 Fighting
 - Level 3.8 Axes
 + Level 4.8 Armour
 - Level 0.2 Dodging
 - Level 4.0 Shields


You had 4 spell levels left.
You didn't know any spells.
Your spell library was empty.

Dungeon Overview and Level Annotations

Branches:
Dungeon (3/15)              Sewer (1/1)

Altars:

Annotations:
Sewer Grinder


Message History

You barely miss the shadow imp.
You feel sick. Grinder gestures at you. Pain shoots through your body!
* * * LOW HITPOINT WARNING * * *
A kobold comes into view. It is wielding a +0 mace.
The shadow imp hits you but does no damage.
Grinder hits you but does no damage.
It was a potion of attraction.
You feel attractive to monsters.
You feel sick.
The kobold shouts!
The shadow imp hits you but does no damage.
Grinder blinks!
The kobold is pulled toward you! x2
Grinder is pulled toward you!
You feel sick.
You are no longer poisoned.
The kobold throws a poisoned dart.
The poisoned dart hits you!
You are lethally poisoned!
The kobold is pulled toward you! x2; Grinder is pulled toward you!
You see here a giant cockroach corpse.
* * * LOW HITPOINT WARNING * * *
You feel very sick.
Grinder blinks!
The kobold brigand is pulled toward you!
Grinder is pulled toward you!
It was a potion of brilliance.
You feel clever all of a sudden.
* * * LOW HITPOINT WARNING * * *
You feel sick. The shadow imp hits you.
* * * LOW HITPOINT WARNING * * *
Grinder grins, showing sharp teeth.
The kobold is pulled toward you!
It was a potion of flight.
You feel very buoyant.
You fly up into the air.
* * * LOW HITPOINT WARNING * * *
You feel sick. The shadow imp gestures at you. Pain shoots through your body!
You die...

#≈≈≈≈≈≈#)).≈≈≈≈≈≈≈#
#≈≈≈≈≈≈#...#≈≈≈≈≈≈#
#≈≈≈≈≈≈≈...#≈≈≈≈≈≈#
#≈≈≈≈≈≈#...#.≈≈≈≈≈#
#≈≈≈≈≈...≈....≈≈≈≈#
#≈≈≈...#≈≈≈#..≈≈.≈#
#......#≈≈≈#......#
#+#######≈#######'#
....#...#@K).†)#
≈≈≈≈...55)≈.)≈≈#
≈≈≈≈#..K#≈≈≈≈≈≈# #
####K######### #..
...⌠ '.... ..'.⌠._
..'....


You could see Grinder, a kobold brigand, a shadow imp and 2 kobolds.

Vanquished Creatures
  3 adders
  A shadow imp (Sewer)
  3 ufetubi (Sewer)
  7 endoplasms
  6 giant cockroaches
  3 goblins
  4 hobgoblins
  4 jackals (D:2)
  13 kobolds
  4 quokkas
  7 ball pythons
  7 bats
  2 frilled lizards
  2 kobold zombies (Sewer)
  5 rats
71 creatures vanquished.

Notes
Turn   | Place    | Note
-------+----------+-------------------------------------------
     0 | D:1      | leviel the Hill Orc Fighter began the quest for the Orb.
     0 | D:1      | Reached XP level 1. HP: 19/19 MP: 1/1
   126 | D:1      | Found a faded altar of an unknown god.
   334 | D:1      | Reached XP level 2. HP: 27/27 MP: 2/2
  1039 | D:2      | Reached XP level 3. HP: 22/33 MP: 3/3
  1891 | D:3      | Found a glowing drain.
  1902 | D:3      | Reached XP level 4. HP: 40/40 MP: 4/4
  1933 | Sewer    | Entered a sewer
  2052 | Sewer    | Reached XP level 5. HP: 41/45 MP: 5/5
  2067 | Sewer    | Noticed a kobold brigand
  2107 | Sewer    | Found an ancient bone altar of Kikubaaqudgha.
  2107 | Sewer    | Noticed Grinder
  2117 | Sewer    | Killed from afar by a shadow imp

Illustrated notes

Levels and vault maps discovered:
D:1:      amcnicky_arrival_flooded_fountain, layout_loops_corners,
          shapermc_ecumenical_altar_venn, minmay_misc_feat_alley
D:2:      layout_loops_cross, minivault_14
D:3:      layout_basic, old_standard_altar, nicolae_overflow_crystal_walls,
          gup_sewer_entry_glass
Sewer:    kennysheep_sewer_church

Skill      XL: |  1  2  3  4 |
---------------+-------------+-----
Axes           | 3 |  3.8
Fighting       | 4 |  4.2
Armour         | 4 |  4.8
Shields        | 4 |  4.0
Dodging        | |  0.2

Action                   |  1- 3 |  4- 6 || total
-------------------------+-------+-------++-------
Melee: War axe           |   119 |    80 ||   199
  Use: Scroll            |     6 |       ||     6
       Potion            |       |     5 ||     5
Armor: Scale mail        |    63 |       ||    63
       Plate armour      |    34 |    69 ||   103
Dodge: Dodged            |    33 |    22 ||    55
Block: Kite shield       |    93 |    63 ||   156

Table legend: (Time is in decaauts)
 A = Elapsed time spent in this place.
 B = Non-inter-level travel time spent in this place.
 C = Inter-level travel time spent in this place.
 D = Time resting spent in this place.
 E = Time spent auto-exploring this place.
 F = Levels seen in this place.
 G = Mean time per level.
                   A        B        C        D        E       F      G
               +--------+--------+--------+--------+--------+-----+--------+
         Total |   2233 |   2110 |    123 |      0 |   1309 |   4 |  558.2 |
       Dungeon |   2012 |   1889 |    123 |      0 |   1227 |   3 |  670.7 |
         Sewer |    220 |    220 |      0 |      0 |     82 |   1 |  220.0 |
               +--------+--------+--------+--------+--------+-----+--------+

Top non-repeatable levels by time:
     D:1: 1003 daAuts
     D:2: 954 daAuts
   Sewer: 220 daAuts
     D:3: 54 daAuts
